 Dungeon Crawl Stone Soup version 0.31-a0-728-g01b46875f1 (webtiles) character file.

Game seed: 14073512915291240035

453484 Midn8 the Devastator (level 24, -4/259 HPs)
             Began as a Gnoll Gladiator on Sept 10, 2023.
             Was the Champion of Jiyva.
             Constricted to death by a tentacled monstrosity (6 damage)
             ... on level 2 of the Realm of Zot on Sept 12, 2023.
             The game lasted 04:29:59 (54309 turns).

Midn8 the Devastator (Gnoll Gladiator)             Turns: 54309, Time: 04:29:59

Health: -4/259     AC: 27    Str: 18    XL:     24   Next: 2%
Magic:  43/43      EV: 21    Int: 19    God:    Jiyva [******]
Gold:   760        SH:  0    Dex: 19    Spells: 13/55 levels left

rFire   + + .        J - +3 Elemental Staff {ele, rElec rF+ rC+ AC+3}
rCold   + + .        Y - +3 buckler of the Lumpy Spirits {Fly rN++ rCorr Str-4}
rNeg    + + .        o - +3 robe "Bigoladu" {Str+5 Archmagi}
rPois   +            c - +2 helmet of Eternal Vigilance {+Inv rPois Dex+3}
rElec   +            H - +2 cloak {rPois}
rCorr   +            N - +3 pair of gloves of the Trombone {+Blink rPois Str-5}
SInv    +            W - +2 pair of boots
Will    +....        D - amulet of reflection Stlth
                     F - ring "Wilea" {rPois rF+ rC+ SInv}
HPRegen 2.23/turn    P - +6 ring of intelligence
MPRegen 0.78/turn

%: reflection, archmagi
@: confused, berserking, flying, constricted, studying Conjurations, very quick
A: fangs 1, strong nose, distributed training, claws 1, iridescent scales 1,
agile 1, frail 1, mutation resistance 1, sense surroundings 3, strong 1,
eyeballs 1, tendrils
}: 3/15 runes: barnacled, slimy, gossamer
a: Renounce Religion, Evoke Blink, Evoke Invisibility, Oozemancy, Slimify


You were on level 2 of the Realm of Zot.
You worshipped Jiyva.
Jiyva was exalted by your worship.
You visited 10 branches of the dungeon, and saw 47 of its levels.
You also visited: Bailey, Gauntlet and Ice Cave.

You collected 4056 gold pieces.
You spent 3296 gold pieces at shops.

Inventory:

Hand Weapons
 a - a +8 quick blade of electrocution
 J - the +3 Elemental Staff (weapon) {ele, rElec rF+ rC+ AC+3}
   (You found it on level 5 of the Pits of Slime)

   AC+3:      It affects your AC (+3).
   rF+:       It protects you from fire.
   rC+:       It protects you from cold.
   rElec:     It insulates you from electricity.
Missiles
 d - 4 throwing nets
 e - 15 javelins
 r - 11 curare-tipped darts
 I - 2 silver javelins
 L - 31 boomerangs (quivered)
Armour
 c - the +2 helmet of Eternal Vigilance (worn) {+Inv rPois Dex+3}
   (You bought it in a shop on level 1 of the Depths)

   Dex+3:     It affects your dexterity (+3).
   rPois:     It protects you from poison +Inv: It lets you turn invisible.
 o - the +3 robe "Bigoladu" (worn) {Str+5 Archmagi}
   (You found it on level 13 of the Dungeon)

   Str+5:     It affects your strength (+5).
   Archmagi:  It increases the power of your magical spells.
 G - +1 shadow dragon scales
 H - a +2 cloak of poison resistance (worn)
 N - the +3 pair of gloves of the Trombone (worn) {+Blink rPois Str-5}
   (You found it on level 6 of the Dungeon)

   Str-5:     It affects your strength (-5).
   rPois:     It protects you from poison +Blink: It lets you blink.
 W - a +2 pair of boots (worn)
 Y - the +3 buckler of the Lumpy Spirits (worn) {Fly rN++ rCorr Str-4}
   (You acquired it on level 12 of the Dungeon)

   Str-4:     It affects your strength (-4).
   rN++:      It greatly protects you from negative energy.
   Fly:       It grants you flight.
   rCorr:     It protects you from acid and corrosion.
Jewellery
 C - a ring of willpower
 D - an amulet of reflection (around neck)
 F - the ring "Wilea" (left hand) {rPois rF+ rC+ SInv}
   (You found it in an ice cave)

   [ring of see invisible]

   rF+:       It protects you from fire.
   rC+:       It protects you from cold.
   rPois:     It protects you from poison SInv: It lets you see invisible.
 P - a +6 ring of intelligence (right hand)
Talismans
 i - a granite talisman
Wands
 q - a wand of charming (22)
 x - a wand of flame (50)
 E - a wand of quicksilver (23)
 K - a wand of digging (1)
 M - a wand of polymorph (23)
 U - a wand of iceblast (33)
 X - a wand of mindburst (18)
Scrolls
 g - 11 scrolls of teleportation
 h - 7 scrolls of enchant weapon
 j - 2 scrolls of enchant armour
 k - 6 scrolls of fog
 n - 2 scrolls of poison
 s - 8 scrolls of fear
 t - 4 scrolls of revelation
 y - a scroll of brand weapon
 A - 7 scrolls of blinking
 R - 3 scrolls of butterflies
Potions
 b - 4 potions of magic
 f - 2 potions of invisibility
 l - 13 potions of curing
 p - 2 potions of mutation
 u - 6 potions of resistance
 v - 9 potions of ambrosia
 w - 8 potions of might
 B - 2 potions of brilliance
 O - a potion of cancellation
 S - 16 potions of heal wounds
 V - 6 potions of enlightenment
 Z - 5 potions of haste
Miscellaneous
 m - a condenser vane
 z - a phial of floods
 Q - a sack of spiders
 T - a lightning rod (4/4)


   Skills:
 + Level 16.9 Fighting
 + Level 16.3 Short Blades
 + Level 16.3 Long Blades
 + Level 16.3 Axes
 + Level 16.3 Maces & Flails
 + Level 16.3 Polearms
 + Level 17.4 Staves
 + Level 16.3 Ranged Weapons
 + Level 16.9 Throwing
 + Level 16.3 Armour
 + Level 17.4 Dodging
 + Level 16.3 Stealth
 + Level 16.3 Shields
 + Level 16.3 Unarmed Combat
 + Level 16.3 Spellcasting
 + Level 18.4 Conjurations
 + Level 13.9 Hexes
 + Level 13.9 Summonings
 + Level 13.9 Necromancy
 + Level 13.9 Translocations
 + Level 13.9 Transmutations
 + Level 13.9 Fire Magic
 + Level 13.9 Ice Magic
 + Level 13.9 Air Magic
 + Level 13.9 Earth Magic
 + Level 13.9 Poison Magic
 + Level 17.7 Invocations
 + Level 16.3 Evocations
 + Level 15.0 Shapeshifting


You had 13 spell levels left.
You knew the following spells:

 Your Spells              Type           Power      Damage    Failure   Level
a - Poisonous Vapours     Pois/Air       100%       N/A       1%          2
b - Eringya's Noxious Bo  Tmut/Pois      40%        4d6       2%          6
c - Mephitic Cloud        Conj/Pois/Air  100%       N/A       1%          3
d - Irradiate             Conj/Tmut      43%        3d26      1%          5
e - Plasma Beam           Fire/Air       62%        2x1d78    2%          6
f - Freezing Cloud        Conj/Ice/Air   64%        6-21      1%          5
h - Hailstorm             Conj/Ice       100%       3d20      0%          3
r - Stone Arrow           Conj/Erth      100%       3d13      0%          3
s - Sticky Flame          Conj/Fire      100%       2d11      1%          4
v - Borgnjor's Vile Clut  Necr/Erth      50%        N/A       1%          5

Your spell library contained the following spells:

 Spells                   Type           Power      Damage    Failure   Level
 Foxfire                  Conj/Fire      100%       2x1d9     0%          1
 Freeze                   Ice            100%       1d10      0%          1
 Kiss of Death            Conj/Necr      100%       2d13      0%          1
 Sandblast                Erth           100%       2d20      0%          1
 Slow                     Hex            100%       N/A       0%          1
 Momentum Strike          Conj/Tloc      100%       3d10      0%          2
 Cigotuvi's Dreadful Rot  Necr/Pois/Air  100%       N/A       1%          2
 Ensorcelled Hibernation  Hex/Ice        100%       N/A       1%          2
 Passwall                 Tmut/Erth      84%        N/A       1%          2
 Sublimation of Blood     Necr           80%        N/A       1%          2
 Wereblood                Tmut           80%        N/A       1%          2
 Confusing Touch          Hex            80%        N/A       1%          3
 Frozen Ramparts          Ice            100%       1d16      1%          3
 Ignite Poison            Fire/Tmut/Pois 100%       N/A       1%          3
 Inner Flame              Hex/Fire       100%       N/A       1%          3
 Sigil of Binding         Hex            80%        N/A       1%          3
 Vampiric Draining        Necr           80%        2d11      1%          3
 Dispel Undead            Necr           80%        3d26      1%          4
 Olgreb's Toxic Radiance  Pois           80%        N/A       1%          4
 Passage of Golubria      Tloc           80%        N/A       1%          4
 Petrify                  Tmut/Erth      100%       N/A       1%          4
 Vhi's Electric Charge    Tloc/Air       100%       N/A       1%          4
 Alistair's Intoxication  Tmut/Pois      53%        N/A       1%          5
 Arcjolt                  Conj/Air       53%        1d63      1%          5
 Metabolic Englaciation   Hex/Ice        50%        N/A       1%          5
 Silence                  Hex/Air        50%        N/A       1%          5
 Yara's Violent Unravell  Hex/Tmut       40%        3d16      1%          5
 Starburst                Conj/Fire      53%        6d14      1%          6
 Dispersal                Tloc           40%        N/A       2%          6
 Enfeeble                 Hex            40%        N/A       12%         7
 Lehudib's Crystal Spear  Conj/Erth      53%        10d13     36%         8
 Ignition                 Fire           50%        3d14      67%         8
 Maxwell's Capacitive Co  Air            50%        ∞         67%         8


Dungeon Overview and Level Annotations

Branches:
Dungeon (15/15)            Temple (1/1) D:4            Lair (5/5) D:10
 Shoals (4/4) Lair:2       Spider (4/4) Lair:3        Slime (5/5) Lair:5
    Orc (2/2) D:12            Elf (0/3) Orc:2        Vaults (4/5) D:13
  Crypt (0/3) Vaults:3     Depths (4/4) D:15            Zot (3/5) Depths:4
 Bailey (visited)           IceCv (visited)         Gauntlet (visited)

Altars:
Ashenzari
Cheibriados
Dithmenos
Elyvilon
Fedhas
Gozag
Hepliaklqana
Kikubaaqudgha
Makhleb
Nemelex Xobeh
Okawaru
Qazlal
Ru
Sif Muna
Trog
Uskayaw
Vehumet
Wu Jian
Xom
Yredelemnul
Zin
The Shining One
Jiyva
Lugonu

Shops:
D:8 :   D:14 [   Orc:1 (   Orc:2 *[(*(   Depths:1 *[[   Depths:4 *

Portals:
Hell: Depths:1 Depths:2 Depths:3 Depths:4
Abyss: Shoals:1 Depths:3
Pandemonium: Depths:2 Depths:3
Ziggurat: Depths:4

Annotations:
Lair:4 1 exclusion
Slime:5 Royal Jelly
Vaults:2 2 runed translucent doors, Luiw's ghost, veteran HOBe


Innate Abilities, Weirdness & Mutations

You have very sharp teeth.
Your uncanny sense of smell can sniff out nearby items.
Your experience applies equally to all skills.
You have sharp fingernails.
You are partially covered in iridescent scales. (AC +2)
You are agile. (Dex +4, Str/Int -1)
You are frail. (-10% HP)
You are somewhat resistant to further mutation.
You passively map a large area around you.
Your muscles are strong. (Str +4, Int/Dex -1)
Your body has grown eyes which may confuse attackers. (Acc +3)
You are covered in slimy tendrils that may disarm your opponents.


Message History

The deathcap releases spores at you!!
* * * LOW HITPOINT WARNING * * *
You are engulfed in a cloud of dizzying spores!
The deathcap releases spores at you!
* * * LOW HITPOINT WARNING * * *
You are engulfed in a cloud of dizzying spores!
The wandering mushroom barely misses you.
The wandering mushroom releases spores at you!
* * * LOW HITPOINT WARNING * * *
You are engulfed in a cloud of dizzying spores!
The curse toe calls on the powers of darkness!
The moth of wrath convulses!
Your body is wracked with pain!
* * * LOW HITPOINT WARNING * * *
Unknown command.
You are too berserk!
You sock the tentacled monstrosity! You crush the tentacled monstrosity!!
You bite the tentacled monstrosity.
The tentacled monstrosity is moderately wounded.
The tentacled monstrosity misses you.
The tentacled monstrosity tentacle-slaps you.
* * * LOW HITPOINT WARNING * * *
The tentacled monstrosity completely misses you.
The tentacled monstrosity constricts you.
* * * LOW HITPOINT WARNING * * *
The black draconian knight hits you from afar with a +4 glaive of protection.
* * * LOW HITPOINT WARNING * * *
The tentacled monstrosity tentacle-slaps you but does no damage.
The tentacled monstrosity closely misses you.
The tentacled monstrosity tentacle-slaps you but does no damage.
Unknown command.
You sock the wandering mushroom! You freeze the wandering mushroom!
The wandering mushroom is severely damaged.
The wandering mushroom releases spores at you but does no damage.
The deathcap completely misses you. The wandering mushroom misses you.
The deathcap releases spores at you but does no damage.
The tentacled monstrosity tentacle-slaps you but does no damage.
The tentacled monstrosity barely misses you.
The tentacled monstrosity tentacle-slaps you but does no damage.
The tentacled monstrosity constricts you.
You die...

, , , , * * , ...#*. ..#
,* * ,, ,.#... .##.z#, ,
* * , ......##.#..## * *
, .......#.....# ∆∆!
.<.^.........##∆=$ * *
..............#####⌠.⌠##
#....[f.X..............
**#....X@fy.).......).. ,
#.#.....ff).###......###.
#......q.............q..
##..)......)............
##.......####....d..# #
##....>.....q....###..
##...)##..k.....>...>
##..#..###..!....###
##.................


You could see 2 tentacled monstrosities, a black draconian knight, a curse toe,
2 deathcaps, a moth of wrath and 2 wandering mushrooms.

Vanquished Creatures
  2 dread liches (Depths:4)
  An orb of fire (Zot:1)
  Saint Roka (Orc:2)
  Margery (Vaults:4)
  5 golden dragons
  Nikola (Shoals:4)
  A bone dragon (Depths:4)
  Jorgrun (Shoals:1)
  8 tentacled monstrosities
  Asterion (Spider:4)
  2 quicksilver dragons
  7 liches
  A walking crystal tome (Depths:2)
  6 sphinxes
  3 krakens (Shoals:1)
  A walking earthen tome (Depths:3)
  3 death cobs
  Frances (Spider:1)
  An ancient champion (Vaults:3)
  4 storm dragons
  A tengu reaver (Depths:2)
  3 draconian monks (Zot:2)
  7 shadow dragons
  A draconian knight (Zot:1)
  An azure jelly (IceCv)
  2 emperor scorpions
  5 fire giants
  5 draconian scorchers
  11 vault wardens
  3 frost giants
  3 draconian annihilators
  7 ghost moths
  4 orc warlords
  A quicksilver ooze (IceCv)
  14 ironbound preservers
  5 draconian stormcallers
  6 ironbound thunderhulks
  7 vampire knights
  3 spriggan defenders
  10 very ugly things
  A caustic shrike skeleton (Depths:1)
  10 stone giants
  2 broodmothers (Spider:2)
  4 green draconians
  4 black draconians
  12 white draconians
  8 dire elephants
  18 spark wasps
  A minotaur (Gauntlet)
  5 purple draconians
  4 red draconians
  9 yellow draconians
  A crystal guardian (Vaults:3)
  5 merfolk impalers
  2 merfolk javelineers (Shoals:4)
  Josephine (Orc:1)
  3 entropy weavers
  9 ettins
  6 yaktaur captains
  9 fire dragons
  5 jiangshi
  5 ice dragons
  A great orb of eyes (D:13)
  4 rakshasas
  Harold (Orc:1)
  3 peacekeepers
  Erolcha (D:12)
  11 vault guards
  A hell beast (Gauntlet)
  A spriggan skeleton (Depths:1)
  2 hydras
  6 merfolk aquamancers
  3 catoblepae
  4 merfolk avatars
  2 jorogumos
  An ogre mage (D:15)
  2 spriggan air magi
  3 alligator snapping turtles
  9 boulder beetles
  2 satyrs (Shoals:4)
  A death knight (D:15)
  11 centaur warriors
  A death yak (Lair:4)
  7 two-headed ogres
  7 ironbound frosthearts
  15 deep troll earth magi
  6 deep troll shamans
  13 tengu warriors
  3 vampire magi
  7 demonic crawlers
  3 orc high priests (Orc:2)
  13 hell knights
  A soul eater (Depths:1)
  Nergalle (D:11)
  A thrashing horror (Gauntlet)
  6 spriggan berserkers
  7 skysharks
  3 iron trolls
  4 skeletal warriors (D:15)
  4 pharaoh ants
  14 sea snakes
  3 flayed ghosts
  A sun moth (Spider:2)
  57 deep trolls
  7 orb spiders
  A tengu zombie (Vaults:3)
  12 ironbound convokers
  10 wizards
  4 lindwurms
  5 orc knights
  8 necromancers
  47 harpies
  8 spectral wolf spiders (Spider:3)
  Pikel (D:4)
  6 wolf spider zombies (Spider:3)
  3 deep elf pyromancers
  A steelbarb worm (Spider:2)
  35 ugly things
  A stone giant zombie (Depths:1)
  18 manticores
  20 wolf spiders
  8 cyclopes
  A human skeleton (Vaults:3)
  8 fauns
  12 elephants
  A moth of wrath (shapeshifter) (Vaults:4)
  8 black mambas
  9 water nymphs
  15 moths of wrath
  8 merfolk sirens
  5 torpor snails
  An ice statue (IceCv)
  A guardian serpent (Lair:5)
  12 vault sentinels
  15 cane toads
  12 komodo dragons
  A yaktaur zombie (Vaults:1)
  4 rime drakes
  2 human zombies
  38 yaktaurs
  2 freezing wraiths (D:14)
  8 tengu conjurers
  4 efreet
  11 trolls
  23 merfolk
  7 meliai
  2 polar bears
  5 wind drakes
  A wolf spider simulacrum (Spider:3)
  A wind drake (shapeshifter) (D:13)
  An ettin zombie (Depths:1)
  21 tarantellas
  14 dream sheep
  8 hornets
  A tarantella (shapeshifter) (D:15)
  13 blink frogs
  9 snapping turtles
  35 slime creatures
  26 jumping spiders
  A shadow (D:10)
  11 water elementals
  14 wyverns
  4 spriggans
  2 vampires (D:14)
  14 culicivoras
  45 yaks
  4 wraiths
  3 steam dragons
  10 vampire mosquitoes
  72 redbacks
  A redback (shapeshifter) (Depths:1)
  4 small abominations (Gauntlet)
  An acid dragon (D:12)
  8 wargs
  A hell hound (Gauntlet)
  24 water moccasins
  Duvessa (D:4)
  A glowing shapeshifter skeleton (Vaults:1)
  An ettin simulacrum (Depths:1)
  2 sky beasts (D:6)
  2 ice beasts
  34 orc warriors
  5 great orb of eyes simulacra (IceCv)
  9 ogres
  7 wolves
  9 centaurs
  4 slime creature simulacra (IceCv)
  A kobold brigand (D:9)
  8 bullfrogs
  4 gnoll sergeants
  4 scorpions
  A glowing shapeshifter simulacrum (IceCv)
  4 wights (D:6)
  Dowan (D:4)
  11 killer bees (D:9)
  6 electric eels
  10 orc priests
  8 hounds
  37 jellies
  3 gnoll boudas
  A sleepcap (D:7)
  5 iguanas
  25 orc wizards
  12 hell rats
  Terence (D:2)
  2 shapeshifter simulacra (IceCv)
  Robin (D:3)
  24 gnolls
  9 adders
  2 shadow imps
  A white imp (D:6)
  3 worms
  2 dart slugs
  83 orcs
  4 bats (D:2)
  5 endoplasms
  A giant cockroach (D:4)
  18 goblins
  21 hobgoblins
  3 jackals (D:1)
  5 quokkas
  8 ball pythons
  A frilled lizard (D:1)
  18 kobolds
  2 rats (D:2)
  A butterfly (Lair:2)
  A lurking horror (Shoals:1)
  4 tentacles (Shoals:1)
1715 creatures vanquished.

Vanquished Creatures (collateral kills)
  An ironbound preserver (Vaults:3)
  A water elemental (Shoals:1)
  A killer bee (D:9)
3 creatures vanquished.

Vanquished Creatures (others)
  A sphinx (Vaults:4)
  A ghost moth (Zot:1)
  A fire dragon (Depths:4)
  4 great orbs of eyes (Vaults:4)
  A spriggan air mage (Depths:4)
  3 centaur warriors (Vaults:1)
  A satyr (Shoals:4)
  2 death yaks (Lair:4)
  A deep troll (Depths:2)
  4 glowing orange brains
  A sea snake (shapeshifter) (Depths:2)
  3 necromancers
  An ugly thing (Vaults:2)
  An orc sorcerer (Orc:2)
  A faun (Shoals:4)
  A faun (shapeshifter) (Depths:4)
  4 dream sheep (Lair:4)
  23 slime creatures
  An elf skeleton (Vaults:1)
  2 redbacks
  2 orc warriors (Orc:2)
  110 jellies
  2 orc priests (Orc:2)
  2 orc wizards (Orc:2)
  A gnoll (D:7)
  8 orcs (Orc:2)
  2 spectral weapons (Spider:4)
  5 tentacles (Shoals:1)
189 creatures vanquished.

Grand Total: 1907 creatures vanquished

Notes
Turn   | Place    | Note
-------+----------+-------------------------------------------
     0 | D:1      | Midn8 the Gnoll Gladiator began the quest for the Orb.
     0 | D:1      | Reached XP level 1. HP: 20/20 MP: 1/1
   115 | D:1      | Reached XP level 2. HP: 26/26 MP: 2/2
   473 | D:1      | Reached XP level 3. HP: 27/31 MP: 3/3
   655 | D:1      | Found a faded altar of an unknown god.
   666 | D:1      | Reached skill level 1 in Invocations
   917 | D:2      | Found a white marble altar of Elyvilon.
   955 | D:2      | Became a worshipper of Elyvilon the Healer
  1057 | D:2      | Noticed Terence
  1076 | D:2      | Killed Terence
  1077 | D:2      | Reached skill level 1 in Short Blades
  1077 | D:2      | Reached skill level 1 in Long Blades
  1077 | D:2      | Reached skill level 1 in Axes
  1077 | D:2      | Reached skill level 1 in Maces & Flails
  1077 | D:2      | Reached skill level 1 in Polearms
  1077 | D:2      | Reached skill level 1 in Ranged Weapons
  1077 | D:2      | Reached skill level 1 in Armour
  1077 | D:2      | Reached skill level 1 in Stealth
  1077 | D:2      | Reached skill level 1 in Shields
  1077 | D:2      | Reached skill level 1 in Unarmed Combat
  1077 | D:2      | Reached skill level 1 in Spellcasting
  1077 | D:2      | Reached skill level 1 in Evocations
  1077 | D:2      | Reached skill level 1 in Shapeshifting
  1077 | D:2      | Reached XP level 4. HP: 34/38 MP: 5/5
  1107 | D:2      | Reached skill level 1 in Conjurations
  1107 | D:2      | Reached skill level 1 in Hexes
  1107 | D:2      | Reached skill level 1 in Summonings
  1107 | D:2      | Reached skill level 1 in Necromancy
  1107 | D:2      | Reached skill level 1 in Translocations
  1107 | D:2      | Reached skill level 1 in Transmutations
  1107 | D:2      | Reached skill level 1 in Fire Magic
  1107 | D:2      | Reached skill level 1 in Ice Magic
  1107 | D:2      | Reached skill level 1 in Air Magic
  1107 | D:2      | Reached skill level 1 in Earth Magic
  1107 | D:2      | Reached skill level 1 in Poison Magic
  1606 | D:2      | Reached * piety under Elyvilon
  2356 | D:3      | Reached XP level 5. HP: 42/43 MP: 5/7
  2565 | D:3      | Identified the +0 helmet of the Solstice {rC- Regen+ rCorr
                  | SInv}
  2565 | D:3      | Noticed Robin
  2573 | D:3      | Killed Robin
  2803 | D:4      | Reached ** piety under Elyvilon
  2880 | D:4      | Noticed a lemure
  2880 | D:4      | Noticed Pikel
  2880 | D:4      | Noticed a lemure
  2881 | D:4      | Noticed a lemure
  2881 | D:4      | Noticed a lemure
  3107 | D:4      | Killed Pikel
  3108 | D:4      | Reached skill level 5 in Fighting
  3108 | D:4      | Reached skill level 5 in Throwing
  3108 | D:4      | Reached skill level 2 in Conjurations
  3108 | D:4      | Reached XP level 6. HP: 35/51 MP: 7/9
  3108 | D:4      | Reached XP level 7. HP: 38/56 MP: 7/10
  3318 | D:4      | Noticed Dowan
  3331 | D:4      | Noticed Duvessa
  3341 | D:4      | Elyvilon protects you from harm!
  3798 | D:4      | Killed Duvessa
  3874 | D:4      | Killed Dowan
  3982 | D:4      | Found a staircase to the Ecumenical Temple.
  3998 | Temple   | Entered the Ecumenical Temple
  4060 | D:4      | Found a hide-covered altar of Uskayaw.
  4255 | D:5      | Entered Level 5 of the Dungeon
  4320 | D:4      | Reached XP level 8. HP: 63/63 MP: 12/12
  4674 | D:5      | You fall into a shaft and drop 2 floors!
  5101 | D:7      | Reached skill level 3 in Conjurations
  5263 | D:7      | Reached *** piety under Elyvilon
  5379 | D:6      | Reached XP level 9. HP: 69/69 MP: 14/14
  7161 | D:6      | Reached skill level 5 in Invocations
  7604 | D:6      | Identified the +3 pair of gloves of the Trombone {+Blink
                  | rPois Str-5}
  8041 | D:6      | Reached skill level 4 in Conjurations
  8200 | D:6      | Found a burning altar of Makhleb.
  8659 | D:7      | HP: 2/71 [orc warrior/+0 flail (12)]
  8661 | D:7      | Reached XP level 10. HP: 2/77 MP: 17/17
  8889 | D:7      | Reached skill level 5 in Short Blades
  8889 | D:7      | Reached skill level 5 in Long Blades
  8889 | D:7      | Reached skill level 5 in Axes
  8889 | D:7      | Reached skill level 5 in Maces & Flails
  8889 | D:7      | Reached skill level 5 in Polearms
  8889 | D:7      | Reached skill level 5 in Ranged Weapons
  8889 | D:7      | Reached skill level 5 in Armour
  8889 | D:7      | Reached skill level 5 in Stealth
  8889 | D:7      | Reached skill level 5 in Shields
  8889 | D:7      | Reached skill level 5 in Unarmed Combat
  8889 | D:7      | Reached skill level 5 in Spellcasting
  8889 | D:7      | Reached skill level 5 in Evocations
  8892 | D:7      | Identified the +0 scale mail of Cekkurr {Dex+3}
  9213 | D:8      | Found Ikliqenk's Book Shop.
  9222 | D:8      | Bought a book of Vapours for 364 gold pieces
  9225 | D:8      | Learned a level 2 spell: Poisonous Vapours
  9229 | D:8      | Learned a level 3 spell: Mephitic Cloud
  9374 | D:8      | Reached **** piety under Elyvilon
  9824 | D:8      | Found a radiant altar of Vehumet.
 10637 | D:9      | Found a flagged portal.
 10655 | Bailey   | Entered a bailey
 10663 | Bailey   | Noticed an orc warlord
 10761 | Bailey   | Found a runed translucent gate.
 10761 | Bailey   | Found a runed translucent gate.
 10761 | Bailey   | Found a runed translucent gate.
 10786 | Bailey   | HP: 1/79 [orc warrior/+0 war axe (8)]
 11118 | Bailey   | Killed an orc warlord
 11119 | Bailey   | Reached skill level 5 in Shapeshifting
 11134 | Bailey   | Identified the staff "Vaerry" {+Blink rN+ Str+2 Necro
                  | Poison}
 11147 | Bailey   | Reached skill level 5 in Conjurations
 11147 | Bailey   | Reached skill level 5 in Hexes
 11147 | Bailey   | Reached skill level 5 in Summonings
 11147 | Bailey   | Reached skill level 5 in Necromancy
 11147 | Bailey   | Reached skill level 5 in Translocations
 11147 | Bailey   | Reached skill level 5 in Transmutations
 11147 | Bailey   | Reached skill level 5 in Fire Magic
 11147 | Bailey   | Reached skill level 5 in Ice Magic
 11147 | Bailey   | Reached skill level 5 in Air Magic
 11147 | Bailey   | Reached skill level 5 in Earth Magic
 11147 | Bailey   | Reached skill level 5 in Poison Magic
 11147 | Bailey   | Reached XP level 11. HP: 86/86 MP: 18/20
 11194 | D:9      | Found a shimmering blue altar of Sif Muna.
 11846 | D:10     | Entered Level 10 of the Dungeon
 11873 | D:10     | Learned a level 4 spell: Sticky Flame
 12084 | D:10     | Found a staircase to the Lair.
 12461 | D:9      | Reached XP level 12. HP: 74/94 MP: 22/22
 12765 | D:10     | Reached skill level 6 in Conjurations
 13355 | Lair:1   | Entered Level 1 of the Lair of Beasts
 13995 | Lair:1   | Reached skill level 10 in Staves
 13995 | Lair:1   | Reached skill level 10 in Dodging
 14380 | Lair:1   | Reached ***** piety under Elyvilon
 14717 | Lair:2   | Reached skill level 7 in Conjurations
 14942 | Lair:2   | Learned a level 3 spell: Hailstorm
 14946 | Lair:2   | Learned a level 3 spell: Stone Arrow
 14963 | Lair:2   | Reached XP level 13. HP: 92/101 MP: 19/24
 14988 | Lair:2   | Identified the +1 ring mail "Nubee" {Harm rC++ Dex+3}
 15657 | Lair:2   | Found a staircase to the Shoals.
 15691 | Lair:2   | Reached skill level 8 in Conjurations
 16019 | Lair:3   | Found a bloodstained altar of Trog.
 16370 | Lair:3   | Found a hole to the Spider Nest.
 16513 | Lair:3   | Learned a level 5 spell: Irradiate
 17166 | Lair:4   | Found a gate leading to a gauntlet.
 17235 | Gauntlet | Entered a Gauntlet
 17235 | Gauntlet | Found a transporter.
 17238 | Gauntlet | Found a transporter.
 17242 | Gauntlet | Noticed a green death
 17250 | Gauntlet | Found a transporter.
 17254 | Gauntlet | Found a transporter.
 17268 | Gauntlet | Found a transporter.
 17285 | Gauntlet | Noticed a great orb of eyes
 17288 | Gauntlet | Found a transporter.
 17291 | Gauntlet | Found a transporter.
 17295 | Gauntlet | Found a transporter.
 17317 | Gauntlet | Found a transporter.
 17331 | Gauntlet | Found a transporter.
 17339 | Gauntlet | Found a transporter.
 17343 | Gauntlet | Found a transporter.
 17394 | Gauntlet | Identified the ring "Ruemuw" {Ice rPois}
 17426 | Gauntlet | Reached skill level 10 in Fighting
 17426 | Gauntlet | Reached skill level 10 in Throwing
 17489 | Gauntlet | Identified the amulet of Keta {Faith rC+ MP+9 SInv}
 17560 | Gauntlet | Noticed a minotaur
 17591 | Gauntlet | Killed a minotaur
 17597 | Gauntlet | Identified the +10 short sword of Malaise {flame, rF- Int+7
                  | Stlth+}
 17601 | Gauntlet | Got Sif Muna's Atlas of Nonlocality and the Chill
 18564 | Lair:5   | Entered Level 5 of the Lair of Beasts
 18649 | Lair:5   | Reached XP level 14. HP: 110/110 MP: 27/27
 18824 | Lair:5   | Reached skill level 9 in Conjurations
 18942 | Lair:5   | Upgraded the game from 0.31-a0-716-gc7603755dd to
                  | 0.31-a0-728-g01b46875f1
 19026 | Lair:5   | Found a staircase to the Slime Pits.
 19382 | Lair:4   | Reached skill level 10 in Invocations
 19919 | Lair:5   | Identified the +6 glaive of Precise Incision {flame, *Slow
                  | rN+++ Int+5 Dex-5}
 20387 | Lair:5   | Identified the +10 flail of Brewing Painful Death {freeze,
                  | rC+ Will+ Str+2 Dex-5}
 21154 | Lair:5   | Reached ****** piety under Elyvilon
 21588 | Lair:5   | Learned a level 5 spell: Freezing Cloud
 22554 | D:11     | Noticed Nergalle
 22586 | D:11     | Killed Nergalle
 22729 | D:11     | Reached skill level 10 in Conjurations
 24056 | D:12     | Found a staircase to the Orcish Mines.
 24327 | D:12     | Reached XP level 15. HP: 113/117 MP: 25/28
 24632 | D:12     | Identified a scroll of acquirement
 24632 | D:12     | Acquired the +3 buckler of the Lumpy Spirits {Fly rN++
                  | rCorr Str-4}
 24726 | D:12     | Noticed Erolcha
 24732 | D:12     | Killed Erolcha
 25140 | D:13     | Reached skill level 10 in Short Blades
 25140 | D:13     | Reached skill level 10 in Long Blades
 25140 | D:13     | Reached skill level 10 in Axes
 25140 | D:13     | Reached skill level 10 in Maces & Flails
 25140 | D:13     | Reached skill level 10 in Polearms
 25140 | D:13     | Reached skill level 10 in Ranged Weapons
 25140 | D:13     | Reached skill level 10 in Armour
 25140 | D:13     | Reached skill level 10 in Stealth
 25140 | D:13     | Reached skill level 10 in Shields
 25140 | D:13     | Reached skill level 10 in Unarmed Combat
 25140 | D:13     | Reached skill level 10 in Spellcasting
 25140 | D:13     | Reached skill level 10 in Evocations
 25145 | D:13     | Identified the +3 robe "Bigoladu" {Str+5 Archmagi}
 25424 | D:13     | Found a gate to the Vaults.
 26030 | D:13     | Gained mutation: Potions are less effective at restoring
                  | your health. [potion of mutation]
 26030 | D:13     | Gained mutation: You occasionally shout uncontrollably at
                  | your foes. [potion of mutation]
 26030 | D:13     | Gained mutation: Your body sometimes deteriorates upon
                  | taking damage. [potion of mutation]
 26031 | D:13     | Lost mutation: You occasionally shout uncontrollably at
                  | your foes. [potion of mutation]
 26031 | D:13     | Lost mutation: Your body sometimes deteriorates upon taking
                  | damage. [potion of mutation]
 26031 | D:13     | Gained mutation: You are clumsy. (Dex -2) [potion of
                  | mutation]
 26031 | D:13     | Gained mutation: You expend magic power (3 MP) to
                  | strengthen your wands. [potion of mutation]
 26032 | D:13     | Lost mutation: You expend magic power (3 MP) to strengthen
                  | your wands. [potion of mutation]
 26032 | D:13     | Lost mutation: Potions are less effective at restoring your
                  | health. [potion of mutation]
 26032 | D:13     | Lost mutation: You are clumsy. (Dex -2) [potion of
                  | mutation]
 26032 | D:13     | Gained mutation: Your spells are a little harder to cast,
                  | but a little more powerful. [potion of mutation]
 26032 | D:13     | Gained mutation: Your movements are slightly less
                  | encumbered by armour. (ER -2) [potion of mutation]
 26496 | Orc:1    | Entered Level 1 of the Orcish Mines
 26554 | Orc:1    | Noticed an orc warlord
 26718 | Orc:1    | Noticed Josephine
 26735 | Orc:1    | Killed Josephine
 26803 | Orc:1    | Killed an orc warlord
 27156 | Orc:1    | Found Ypog's Antique Weapon Boutique.
 27480 | Orc:1    | Found a shimmering altar of Xom.
 27622 | Orc:2    | Entered Level 2 of the Orcish Mines
 27808 | Orc:2    | Found a staircase to the Elven Halls.
 28043 | Orc:2    | Found a frozen archway.
 28047 | IceCv    | Entered an ice cave
 28364 | IceCv    | Identified the amulet of Cearuudat {RegenMP rC+}
 28365 | IceCv    | Identified the ring "Wilea" {rPois rF+ rC+ SInv}
 29277 | IceCv    | Found a viscous altar of Jiyva.
 29277 | IceCv    | Noticed an azure jelly
 29291 | IceCv    | Killed an azure jelly
 29292 | IceCv    | Reached skill level 11 in Conjurations
 29378 | IceCv    | Identified the +0 ice dragon scales of Hairiness {rF- rC++
                  | rN+}
 29379 | IceCv    | Identified the +1 ring mail "Emonky" {+Inv rF+ Stlth+}
 29386 | IceCv    | Identified the ring of Uzudac {rCorr Dex+5}
 29395 | IceCv    | Got the ring "Kounwij" {Ice rPois rCorr Str-4 Int+2}
 29405 | IceCv    | Fell from the grace of Elyvilon
 29405 | IceCv    | Became a worshipper of Jiyva Jeucod the Shapeless
 29598 | Orc:2    | Found Fuutaomu's General Store.
 29798 | Orc:2    | Found Sosops's Antique Weapon Shop.
 29960 | Orc:2    | Noticed Saint Roka
 30013 | Orc:2    | Killed Saint Roka
 30020 | Orc:2    | Found Cateack's Assorted Antiques.
 30608 | Orc:2    | Found Tuba's Antique Weapon Shop.
 30611 | Orc:2    | Found Vumiadea's Antique Armour Boutique.
 30854 | Orc:2    | Bought a condenser vane for 1320 gold pieces
 30896 | Orc:2    | Bought a bloodstained spear for 192 gold pieces
 30896 | Orc:2    | Identified the +12 spear "Ykhe Lam" {flame, rElec rPois}
                  | (You bought it in a shop on level 2 of the Orcish Mines)
 30952 | Orc:1    | Bought a jewelled trident for 238 gold pieces
 30952 | Orc:1    | Identified the +4 trident of Lies {heavy, Dex+4} (You
                  | bought it in a shop on level 1 of the Orcish Mines)
 30952 | Orc:1    | Bought an ancient rapier for 252 gold pieces
 30952 | Orc:1    | Identified the +5 rapier "Kearchish" {vamp, MP+9 Str+7
                  | Dex-2 Stlth-} (You bought it in a shop on level 1 of the
                  | Orcish Mines)
 30968 | Orc:2    | Bought a scroll of teleportation for 99 gold pieces
 30968 | Orc:2    | Bought a scroll of identify for 66 gold pieces
 30968 | Orc:2    | Bought a scroll of fear for 132 gold pieces
 31011 | Orc:2    | Bought a potion of magic for 120 gold pieces
 31011 | Orc:2    | Bought a potion of curing for 45 gold pieces
 31068 | Orc:1    | Noticed Harold
 31076 | Orc:1    | Killed Harold
 31301 | D:14     | Found Ifalot's Armour Shop.
 31413 | D:14     | Reached * piety under Jiyva
 31568 | D:14     | Reached XP level 16. HP: 122/126 MP: 30/30
 31800 | D:14     | Reached ** piety under Jiyva
 31973 | D:15     | Entered Level 15 of the Dungeon
 32008 | D:15     | Found an opulent altar of Gozag.
 32182 | D:15     | Reached skill level 10 in Shapeshifting
 32785 | D:15     | Found a staircase to the Depths.
 33241 | Spider:1 | Entered Level 1 of the Spider Nest
 33262 | Spider:1 | Learned a level 5 spell: Borgnjor's Vile Clutch
 33288 | Spider:1 | Reached *** piety under Jiyva
 33633 | Spider:1 | Noticed Frances
 33641 | Spider:1 | Killed Frances
 34001 | Spider:1 | Lost mutation: Your movements are slightly less encumbered
                  | by armour. (ER -2) [Jiyva's grace]
 34001 | Spider:1 | Gained mutation: You have large cloven feet. [Jiyva's
                  | grace]
 34001 | Spider:1 | Gained mutation: You have hoof-like feet. [Jiyva's grace]
 34001 | Spider:1 | Gained mutation: You have hooves in place of feet. [Jiyva's
                  | grace]
 34001 | Spider:1 | Gained mutation: You are partially covered in iridescent
                  | scales. (AC +2) [Jiyva's grace]
 34157 | Spider:1 | Reached skill level 12 in Conjurations
 34340 | Spider:2 | Reached **** piety under Jiyva
 34499 | Spider:2 | Identified the +7 dagger "Uxocsoh" {venom, rF+}
 34787 | Spider:1 | Reached XP level 17. HP: 134/134 MP: 32/32
 35290 | Spider:2 | Learned a level 6 spell: Eringya's Noxious Bog
 35371 | Spider:3 | Identified the scarf "Yllaahy" {shadows, rPois rN+ Str+2}
 35786 | Spider:3 | Reached skill level 10 in Hexes
 35786 | Spider:3 | Reached skill level 10 in Summonings
 35786 | Spider:3 | Reached skill level 10 in Necromancy
 35786 | Spider:3 | Reached skill level 10 in Translocations
 35786 | Spider:3 | Reached skill level 10 in Transmutations
 35786 | Spider:3 | Reached skill level 10 in Fire Magic
 35786 | Spider:3 | Reached skill level 10 in Ice Magic
 35786 | Spider:3 | Reached skill level 10 in Air Magic
 35786 | Spider:3 | Reached skill level 10 in Earth Magic
 35786 | Spider:3 | Reached skill level 10 in Poison Magic
 36187 | Spider:4 | Entered Level 4 of the Spider Nest
 36187 | Spider:4 | Noticed Asterion
 36199 | Spider:4 | Reached skill level 13 in Conjurations
 36199 | Spider:4 | Noticed an Executioner
 36199 | Spider:4 | Killed Asterion
 36382 | Spider:4 | Lost mutation: You have hooves in place of feet. [Jiyva's
                  | grace]
 36382 | Spider:4 | Lost mutation: Your spells are a little harder to cast, but
                  | a little more powerful. [Jiyva's grace]
 36382 | Spider:4 | Gained mutation: Your translucent skin slightly reduces
                  | your foes' accuracy. (Stealth+) [Jiyva's grace]
 36382 | Spider:4 | Gained mutation: Your translucent skin reduces your foes'
                  | accuracy. (Stealth+) [Jiyva's grace]
 36382 | Spider:4 | Gained mutation: Your transparent skin significantly
                  | reduces your foes' accuracy. (Stealth+) [Jiyva's grace]
 36382 | Spider:4 | Gained mutation: You have a small jelly attached to you
                  | that may absorb projectiles. [Jiyva's grace]
 36387 | Spider:4 | Reached ***** piety under Jiyva
 36995 | Spider:4 | Reached XP level 18. HP: 143/143 MP: 17/34
 37016 | Spider:4 | Got a gossamer rune of Zot
 37241 | Shoals:1 | Entered Level 1 of the Shoals
 37418 | Shoals:1 | Noticed Jorgrun
 37433 | Shoals:1 | Killed Jorgrun
 37585 | Shoals:1 | Found a one-way gate to the infinite horrors of the Abyss.
 37585 | Shoals:1 | Found a corrupted altar of Lugonu.
 38676 | Shoals:2 | Lost mutation: You have hoof-like feet. [Jiyva's grace]
 38676 | Shoals:2 | Lost mutation: You are partially covered in iridescent
                  | scales. (AC +2) [Jiyva's grace]
 38676 | Shoals:2 | Lost mutation: Your transparent skin significantly reduces
                  | your foes' accuracy. (Stealth+) [Jiyva's grace]
 38676 | Shoals:2 | Gained mutation: You have sharp fingernails. [Jiyva's
                  | grace]
 38676 | Shoals:2 | Gained mutation: You have very sharp fingernails. [Jiyva's
                  | grace]
 38676 | Shoals:2 | Gained mutation: You have claws for hands. [Jiyva's grace]
 38676 | Shoals:2 | Lost mutation: You have large cloven feet. [Jiyva's grace]
 38676 | Shoals:2 | Gained mutation: You have sharp toenails. [Jiyva's grace]
 38719 | Shoals:2 | Reached ****** piety under Jiyva
 38895 | Shoals:2 | Reached skill level 14 in Conjurations
 40072 | Shoals:4 | Entered Level 4 of the Shoals
 40072 | Shoals:4 | Lost mutation: You have claws for hands. [Jiyva's grace]
 40072 | Shoals:4 | Lost mutation: You have very sharp fingernails. [Jiyva's
                  | grace]
 40072 | Shoals:4 | Lost mutation: You have sharp toenails. [Jiyva's grace]
 40072 | Shoals:4 | Gained mutation: Your body has grown eyes which may confuse
                  | attackers. (Acc +3) [Jiyva's grace]
 40072 | Shoals:4 | Gained mutation: Your body has grown many eyes which may
                  | confuse attackers. (Acc +5) [Jiyva's grace]
 40072 | Shoals:4 | Gained mutation: Your body is covered in eyes which may
                  | confuse attackers. (Acc +7, SInv) [Jiyva's grace]
 40072 | Shoals:4 | Gained mutation: You are strong-willed. (Will+) [Jiyva's
                  | grace]
 40085 | Shoals:4 | Learned a level 6 spell: Plasma Beam
 40157 | Shoals:4 | Noticed Nikola
 40168 | Shoals:4 | Killed Nikola
 40239 | Shoals:4 | Reached XP level 19. HP: 151/151 MP: 17/36
 40357 | Shoals:4 | Identified the +1 hand axe "Orb Guardian's Death" {drain,
                  | Fly Str+3 Dex+2}
 40614 | Shoals:4 | Got a barnacled rune of Zot
 41523 | Slime:1  | Entered Level 1 of the Pits of Slime
 41576 | Slime:5  | Entered Level 5 of the Pits of Slime
 41624 | Slime:5  | Found a viscous altar of Jiyva.
 41630 | Slime:5  | Found the +3 Elemental Staff {ele, rElec rF+ rC+ AC+3}
 41630 | Slime:5  | Noticed the Royal Jelly
 41646 | Slime:5  | Got the Treatise on the Snow-white Cure
 41648 | Slime:5  | Got a slimy rune of Zot
 41650 | Slime:5  | Identified the +2 robe of Sefag {Dex+2}
 41677 | Slime:5  | Identified the +8 rapier of Extremism {venom, rElec rF+ rN+
                  | Will+}
 42141 | Vaults:1 | Entered Level 1 of the Vaults
 43021 | Vaults:1 | Lost mutation: Your translucent skin reduces your foes'
                  | accuracy. (Stealth+) [Jiyva's grace]
 43021 | Vaults:1 | Lost mutation: Your translucent skin slightly reduces your
                  | foes' accuracy. (Stealth+) [Jiyva's grace]
 43021 | Vaults:1 | Gained mutation: You are robust. (+10% HP) [Jiyva's grace]
 43021 | Vaults:1 | Gained mutation: You are very robust. (+20% HP) [Jiyva's
                  | grace]
 43021 | Vaults:1 | Gained mutation: You are extremely robust. (+30% HP)
                  | [Jiyva's grace]
 43021 | Vaults:1 | Gained mutation: You are partially covered in iridescent
                  | scales. (AC +2) [Jiyva's grace]
 43527 | Vaults:2 | Found a large runed translucent door.
 43528 | Vaults:2 | Found a large runed translucent door.
 43528 | Vaults:2 | Noticed Luiw's ghost (veteran HOBe)
 43638 | Vaults:2 | Reached skill level 15 in Conjurations
 43783 | Vaults:2 | Reached skill level 15 in Staves
 43783 | Vaults:2 | Reached skill level 15 in Dodging
 43984 | Vaults:2 | Reached XP level 20. HP: 208/208 MP: 32/37
 44707 | Vaults:3 | Reached skill level 15 in Invocations
 44715 | Vaults:3 | Found a staircase to the Crypt.
 45052 | Vaults:3 | Lost mutation: You are extremely robust. (+30% HP) [Jiyva's
                  | grace]
 45052 | Vaults:3 | Lost mutation: Your body is covered in eyes which may
                  | confuse attackers. (Acc +7, SInv) [Jiyva's grace]
 45052 | Vaults:3 | Gained mutation: Your muscles are strong. (Str +4, Int/Dex
                  | -1) [Jiyva's grace]
 45052 | Vaults:3 | Gained mutation: Your muscles are very strong. (Str +8,
                  | Int/Dex -2) [Jiyva's grace]
 45052 | Vaults:3 | Gained mutation: You have acidic saliva. [Jiyva's grace]
 45052 | Vaults:3 | Gained mutation: You are covered in slimy tendrils that may
                  | disarm your opponents. [Jiyva's grace]
 46041 | Vaults:4 | Reached skill level 15 in Fighting
 46041 | Vaults:4 | Reached skill level 15 in Throwing
 46058 | Vaults:4 | Reached XP level 21. HP: 196/201 MP: 23/39
 46118 | Vaults:4 | Reached skill level 16 in Conjurations
 46716 | Vaults:4 | Noticed Margery
 46734 | Vaults:4 | Killed Margery
 47208 | Depths:1 | Entered Level 1 of the Depths
 47958 | Depths:1 | You are sucked into a shaft and drop 1 floor!
 47985 | Depths:2 | Found a gateway to Hell.
 48110 | Depths:3 | Lost mutation: You are strong-willed. (Will+) [Jiyva's
                  | grace]
 48110 | Depths:3 | Lost mutation: You are very robust. (+20% HP) [Jiyva's
                  | grace]
 48110 | Depths:3 | Lost mutation: Your muscles are very strong. (Str +8,
                  | Int/Dex -2) [Jiyva's grace]
 48110 | Depths:3 | Lost mutation: Your body has grown many eyes which may
                  | confuse attackers. (Acc +5) [Jiyva's grace]
 48110 | Depths:3 | Gained mutation: You are agile. (Dex +4, Str/Int -1)
                  | [Jiyva's grace]
 48110 | Depths:3 | Gained mutation: You are very agile. (Dex +8, Str/Int -2)
                  | [Jiyva's grace]
 48110 | Depths:3 | Gained mutation: Your muscles are very strong. (Str +8,
                  | Int/Dex -2) [Jiyva's grace]
 48110 | Depths:3 | Gained mutation: You are somewhat resistant to further
                  | mutation. [Jiyva's grace]
 48216 | Depths:3 | Paralysed by a sphinx for 3 turns
 48269 | Depths:3 | Found a one-way gate leading to the halls of Pandemonium.
 48997 | Depths:1 | Reached skill level 15 in Short Blades
 48997 | Depths:1 | Reached skill level 15 in Long Blades
 48997 | Depths:1 | Reached skill level 15 in Axes
 48997 | Depths:1 | Reached skill level 15 in Maces & Flails
 48997 | Depths:1 | Reached skill level 15 in Polearms
 48997 | Depths:1 | Reached skill level 15 in Ranged Weapons
 48997 | Depths:1 | Reached skill level 15 in Armour
 48997 | Depths:1 | Reached skill level 15 in Stealth
 48997 | Depths:1 | Reached skill level 15 in Shields
 48997 | Depths:1 | Reached skill level 15 in Unarmed Combat
 48997 | Depths:1 | Reached skill level 15 in Spellcasting
 48997 | Depths:1 | Reached skill level 15 in Evocations
 49111 | Depths:1 | Found Guoh's CLEARANCE SALE!.
 49375 | Depths:1 | Found Cyahium's Armour Boutique.
 49383 | Depths:1 | Reached XP level 22. HP: 193/193 MP: 32/41
 49383 | Depths:1 | Found Itreitwawea's Armour Shop.
 49427 | Depths:1 | Bought the +2 helmet of Eternal Vigilance {+Inv rPois
                  | Dex+3} for 468 gold pieces
 49949 | Depths:2 | Reached skill level 17 in Conjurations
 49977 | Depths:2 | Noticed a golden dragon
 50057 | Depths:2 | Killed a golden dragon
 50492 | Depths:2 | Paralysed by a vampire knight for 4 turns
 51210 | Depths:2 | Lost mutation: You are very agile. (Dex +8, Str/Int -2)
                  | [Jiyva's grace]
 51210 | Depths:2 | Lost mutation: You are robust. (+10% HP) [Jiyva's grace]
 51210 | Depths:2 | Lost mutation: Your muscles are very strong. (Str +8,
                  | Int/Dex -2) [Jiyva's grace]
 51210 | Depths:2 | Lost mutation: You have acidic saliva. [Jiyva's grace]
 51210 | Depths:2 | Lost mutation: You are covered in slimy tendrils that may
                  | disarm your opponents. [Jiyva's grace]
 51210 | Depths:2 | Lost mutation: You have a small jelly attached to you that
                  | may absorb projectiles. [Jiyva's grace]
 51210 | Depths:2 | Gained mutation: You are covered in slimy tendrils that may
                  | disarm your opponents. [Jiyva's grace]
 51210 | Depths:2 | Gained mutation: You passively map a small area around you.
                  | [Jiyva's grace]
 51210 | Depths:2 | Gained mutation: You passively map the area around you.
                  | [Jiyva's grace]
 51210 | Depths:2 | Gained mutation: You passively map a large area around you.
                  | [Jiyva's grace]
 51351 | Depths:4 | Entered Level 4 of the Depths
 51459 | Depths:4 | Noticed a golden dragon
 51482 | Depths:3 | Killed a golden dragon
 51535 | Depths:4 | Found Racex's Neck Hole.
 51724 | Depths:4 | Reached XP level 23. HP: 184/184 MP: 31/42
 51803 | Depths:4 | Found a gate to the Realm of Zot.
 51841 | Depths:4 | Found a one-way gateway to a ziggurat.
 52526 | Zot:1    | Entered Level 1 of the Realm of Zot
 52526 | Zot:1    | Noticed a golden dragon
 52527 | Zot:1    | Noticed a dread lich
 52538 | Depths:4 | Killed a golden dragon
 52578 | Depths:4 | Paralysed by a dread lich for 3 turns
 52582 | Depths:4 | Killed a dread lich
 52614 | Zot:1    | Noticed a dread lich
 52619 | Zot:1    | Paralysed by a dread lich for 5 turns
 52627 | Depths:4 | Killed a dread lich
 52737 | Zot:1    | Noticed a golden dragon
 52741 | Zot:1    | Killed a golden dragon
 52913 | Zot:1    | Noticed a golden dragon
 52934 | Zot:1    | Killed a golden dragon
 52973 | Zot:1    | Reached skill level 18 in Conjurations
 53227 | Zot:1    | Noticed an orb of fire
 53230 | Zot:1    | Gained mutation: You are frail. (-10% HP) [an orb of fire]
 53236 | Zot:1    | Killed an orb of fire
 53846 | Zot:2    | Noticed a golden dragon
 53961 | Zot:2    | Reached skill level 15 in Shapeshifting
 54253 | Zot:2    | Reached XP level 24. HP: 140/173 MP: 21/43
 54295 | Zot:2    | Noticed a curse toe
 54307 | Zot:2    | HP: 11/259 [wandering mushroom[a curse toe] (8)]
 54308 | Zot:2    | HP: 4/259 [constriction (4)]
 54308 | Zot:2    | HP: 1/259 [black draconian knight/+4 glaive of protection[a
                  | black draconian knight] (3)]
 54309 | Zot:2    | Constricted to death by a tentacled monstrosity

Illustrated notes

Levels and vault maps discovered:
D:1:      dpeg_arrival_pits, layout_basic, ebering_ecumenical_altar_hall,
          kennysheep_minor_cross, minmay_tromino_mix6
D:2:      layout_basic, basic_altar, serial_bayou, serial_bayou_crossing,
          serial_bayou_pond_b, serial_bayou_pond_b, serial_bayou_shore_a,
          grunt_ministairs_4, uniq_terence
D:3:      layout_basic, minmay_misc_feat_hallway, uniq_robin
D:4:      layout_basic, mainiacjoe_overflow_cross_hatched,
          minmay_temple_entry_crystal_x, kennysheep_pointless_box, uniq_pikel,
          uniq_duvessa
D:5:      layout_basic, grunt_ministairs_9, interstate_on_off, minivault_14,
          st_stairs_4
D:6:      layout_basic, marbit_many_paths
D:7:      layout_rooms
D:8:      layout_basic, kennysheep_mini, serial_shops, nicolae_stop_n_shop_2
D:9:      layout_rooms, mainiacjoe_overflow_alcove_1, enter_bailey_4
D:10:     layout_basic, erik_lair_island, nicolae_twisty_statue_hallways
D:11:     layout_stronghold, kennysheep_generic_room_6, uniq_nergalle
D:12:     layout_long_grid, minmay_orc_entry_guard_dogs, uniq_erolcha
D:13:     layout_basic, hellmonk_vaults_order_and_chaos
D:14:     layout_cave_pools, serial_shops, nicolae_shop_tiny_statue_garden,
          chequers_arboretum
D:15:     hellmonk_depths_entry_around_the_bend, layout_loops_ring,
          grunt_gozag_breadcrumbs
Temple:   regret_index_temple_chain_breaker
Lair:1:   layout_cave_pods, grunt_megastairs_1
Lair:2:   layout_roguey, nicolae_shoals_entry_roost, lemuel_fruit_fields,
          grunt_megastairs_4
Lair:3:   layout_long_grid, dummy_spider_entry, basic_altar, minivault_11,
          minmay_stone_trees_large, uniq_rupert
Lair:4:   layout_small_grid, gauntlet_entry_generic
Lair:5:   hangedman_lair_tendril_chambers, layout_layer_cave, slime_entry_1,
          chequers_serial_rivers_large_b, infiniplex_staircase_pool
Shoals:1: layout_shoals, amcnicky_altar_lugonu_corruption, uniq_jorgrun
Shoals:2: layout_shoals
Shoals:3: layout_shoals, kb_tengu_band
Shoals:4: shoals_end_hangedman, layout_shoals, uniq_nikola
Spider:1: layout_spider_delve, nicolae_spider_moth_buddies, uniq_frances
Spider:2: layout_spider_delve
Spider:3: layout_spider_delve, nicolae_spider_undead_wolf_pack
Spider:4: grunt_spider_rune_parallel, uniq_asterion
Slime:1:  layout_caves
Slime:2:  layout_caves, nicolae_slime_round_cave
Slime:3:  layout_caves
Slime:4:  layout_caves, cheibrodos_slime_lost_civilization_5
Slime:5:  slime_pit_nicolae_royal_road_to_ruin
Orc:1:    layout_caves, basic_altar, serial_shops,
          nicolae_shop_tiny_statue_garden, uniq_harold, uniq_josephine
Orc:2:    grunt_orc_community_town_hall, layout_caves,
          grunt_orc_community_big_house_2, grunt_orc_community_big_house_2,
          grunt_orc_community_house_1, grunt_orc_community_house_3,
          grunt_orc_community_house_1, grunt_orc_community_house_1,
          grunt_orc_community_house_3, serial_shops, shop,
          portal_ice_cave_entry_pillars_2
Vaults:1: ontoclasm_vaults_claustrophobia, vaults_room_corners,
          vaults_room_corners, vaults_mumra_hexcomb, vaults_room_hallway,
          nicolae_vaults_trapezoid_lopsided_3, vaults_dpeg_encased_lava,
          hangedman_vaults_slice, nicolae_vaults_octothorpe,
          ontoclasm_vaults_gateway, vaults_room_fours, nicolae_vaults_alarming,
          layout_vaults_omnigrid
Vaults:2: ebering_ghost_disaster_area, nicolae_vaults_diamond_1,
          nicolae_vaults_lightning_bolt, ontoclasm_vaults_idyll,
          v_alt_pattern_3, hangedman_vaults_impose, v_misc_9,
          nicolae_vaults_variable_pillar_hall, nicolae_vaults_tetromino_Z_2,
          v_pattern_1, nicolae_vaults_wine_cellar, nicolae_vaults_tangram_1,
          layout_vaults_big_cross
Vaults:3: v_misc_10, minmay_crypt_entry_simple_box, ontoclasm_vaults_eye,
          v_misc_18, nicolae_vaults_variable_pillar_hall_cross,
          ontoclasm_vaults_spin, ontoclasm_vaults_fault,
          nicolae_vaults_diamond_1, vaults_room_ringed_pool,
          layout_vaults_chaotic_city
Vaults:4: v_rooms_6, vaults_standard_mumra_x, hangedman_vaults_locks,
          nicolae_vaults_little_squares_4, v_misc_16, hangedman_vaults_nails,
          hangedman_vaults_slice, nicolae_vaults_offset_grid_hallway_4,
          nicolae_vaults_shipping_containers_1,
          nicolae_vaults_closet_pinwheel_6, nicolae_vaults_little_squares_3,
          v_misc_8, nicolae_vaults_trapezoid_lopsided_2, layout_vaults_omnibox,
          uniq_margery
Depths:1: layout_forbidden_donut, nicolae_two_hexagons,
          hangedman_tar_grid_catacomb, nicolae_concentric_dashed_squares_mild,
          nicolae_shop_clearance, minmay_shoptagon
Depths:2: hangedman_grunt_twisty_little_passages, layout_long_grid,
          pf_coc_iceberg, pan_entry
Depths:3: dreamdust_cat_pyramid, layout_basic, pan_entry,
          hangedman_abyss_entry_splay, hell_entry, serial_corexii_hall,
          corexii_hall_statues_u, chequers_hall_statues_y,
          minmay_staircase_bubble
Depths:4: grunt_twist_and_shout, layout_long_grid, enter_ziggurat_f, hell_entry,
          minmay_misc_feat_rows, nicolae_shop_sticking_my_neck_out,
          serial_bayou_shore_b
Zot:1:    hellmonk_crystal_mountain, layout_basic
Zot:2:    gammafunk_the_bubble [the_bubble_gammafunk_crates],
          layout_onion_interference, hellmonk_ghost_big_iron
Zot:3:    kennysheep_six_static_rooms, layout_misc_corridors, grunt_megastairs_2

Skill      XL: |  1  2  3  4  5  6  7  8  9 10 11 12 13 14 15 16 17 18 19 20 21 22 23 |
---------------+----------------------------------------------------------------------+-----
Invocations    | 1 2 3 4 5 7 8 9 10 11 12 13 14 15 16 17 | 17.7
Short Blades   | 1 2 3 4 6 7 9 10 11 12 13 14 15 16 | 16.3
Long Blades    | 1 2 3 4 6 7 9 10 11 12 13 14 15 16 | 16.3
Axes           | 1 2 3 4 6 7 9 10 11 12 13 14 15 16 | 16.3
Maces & Flails | 1 2 3 4 6 7 9 10 11 12 13 14 15 16 | 16.3
Polearms       | 1 2 3 4 6 7 9 10 11 12 13 14 15 16 | 16.3
Ranged Weapons | 1 2 3 4 6 7 9 10 11 12 13 14 15 16 | 16.3
Armour         | 1 2 3 4 6 7 9 10 11 12 13 14 15 16 | 16.3
Stealth        | 1 2 3 4 6 7 9 10 11 12 13 14 15 16 | 16.3
Shields        | 1 2 3 4 6 7 9 10 11 12 13 14 15 16 | 16.3
Unarmed Combat | 1 2 3 4 6 7 9 10 11 12 13 14 15 16 | 16.3
Spellcasting   | 1 2 3 4 6 7 9 10 11 12 13 14 15 16 | 16.3
Evocations     | 1 2 3 4 6 7 9 10 11 12 13 14 15 16 | 16.3
Shapeshifting  | 1 2 3 4 6 7 8 9 10 11 12 13 14 15 | 15.0
Conjurations   | 1 2 3 4 5 7 8 10 11 12 13 14 15 16 17 18 | 18.4
Hexes          | 1 2 3 4 5 6 7 8 9 10 11 12 13 | 13.9
Summonings     | 1 2 3 4 5 6 7 8 9 10 11 12 13 | 13.9
Necromancy     | 1 2 3 4 5 6 7 8 9 10 11 12 13 | 13.9
Translocations | 1 2 3 4 5 6 7 8 9 10 11 12 13 | 13.9
Transmutations | 1 2 3 4 5 6 7 8 9 10 11 12 13 | 13.9
Fire Magic     | 1 2 3 4 5 6 7 8 9 10 11 12 13 | 13.9
Ice Magic      | 1 2 3 4 5 6 7 8 9 10 11 12 13 | 13.9
Air Magic      | 1 2 3 4 5 6 7 8 9 10 11 12 13 | 13.9
Earth Magic    | 1 2 3 4 5 6 7 8 9 10 11 12 13 | 13.9
Poison Magic   | 1 2 3 4 5 6 7 8 9 10 11 12 13 | 13.9
Fighting       | 5 6 8 9 10 11 12 13 14 15 16 | 16.9
Staves         | 7 8 9 10 11 12 13 14 15 16 17 | 17.4
Throwing       | 5 6 8 9 10 11 12 13 14 15 16 | 16.9
Dodging        | 7 8 9 10 11 12 13 14 15 16 17 | 17.4

Action                     |  1- 3 |  4- 6 |  7- 9 | 10-12 | 13-15 | 16-18 | 19-21 | 22-24 || total
---------------------------+-------+-------+-------+-------+-------+-------+-------+-------++-------
  Melee: Quarterstaff      |    96 |   140 |   264 |       |       |       |       |       ||   500
         Bite              |     7 |    13 |    45 |    85 |    74 |    93 |   129 |   105 ||   551
         Trident           |       |       |   147 |   626 |   183 |       |       |       ||   956
         Punch             |       |       |     1 |     4 |       |       |       |       ||     5
         Dire flail        |       |       |       |    28 |       |       |       |       ||    28
         Flail             |       |       |       |       |    77 |    10 |       |       ||    87
         Short sword       |       |       |       |       |   205 |   454 |    49 |       ||   708
         Kick              |       |       |       |       |       |   121 |       |       ||   121
         Demon whip        |       |       |       |       |       |    29 |       |       ||    29
         Staff             |       |       |       |       |       |     1 |   565 |   472 ||  1038
  Throw: Throwing net      |     1 |     6 |       |     3 |       |       |       |       ||    10
         Dart              |       |       |    12 |    11 |     1 |       |       |       ||    24
         Javelin           |       |       |     1 |       |     1 |       |       |       ||     2
         Boomerang         |       |       |       |    16 |     3 |       |    21 |       ||    40
   Cast: Poisonous Vapours |       |       |       |    37 |    53 |   140 |     3 |     2 ||   235
         Mephitic Cloud    |       |       |       |     4 |     5 |     7 |       |       ||    16
         Sticky Flame      |       |       |       |    49 |   117 |    20 |     1 |     5 ||   192
         Stone Arrow       |       |       |       |     1 |   264 |    84 |     9 |       ||   358
         Hailstorm         |       |       |       |       |    15 |     9 |       |       ||    24
         Irradiate         |       |       |       |       |    24 |    44 |    17 |    38 ||   123
         Freezing Cloud    |       |       |       |       |   116 |   140 |    56 |    20 ||   332
         Borgnjor's Vile C |       |       |       |       |       |    39 |    16 |    10 ||    65
         Eringya's Noxious |       |       |       |       |       |    39 |    52 |    13 ||   104
         Plasma Beam       |       |       |       |       |       |    11 |   115 |   170 ||   296
 Invoke: Heal Other        |       |       |     4 |       |     3 |       |       |       ||     7
         Heal Self         |       |       |     2 |     6 |     2 |       |       |       ||    10
         Oozemancy         |       |       |       |       |       |     1 |       |     1 ||     2
Ability: Evoke Blink       |       |       |       |     1 |       |       |       |       ||     1
  Evoke: Wand              |       |       |     8 |    15 |     3 |     3 |     7 |     5 ||    41
         Sack of spiders   |       |       |       |       |     1 |       |       |       ||     1
         Lightning rod     |       |       |       |       |       |     2 |       |       ||     2
    Use: Scroll            |       |     6 |     6 |     7 |    15 |     2 |     4 |     2 ||    42
         Potion            |       |       |     1 |     1 |     4 |     1 |     3 |       ||    10
   Stab: Held in net/web   |     1 |     1 |       |     1 |       |       |       |       ||     3
         Sleeping          |       |       |     7 |     9 |     1 |     2 |     6 |       ||    25
         Distracted        |       |       |     1 |     3 |       |     5 |     2 |     1 ||    12
         Confused          |       |       |       |     3 |     6 |       |    27 |     8 ||    44
 Armour: Ring mail         |    33 |    51 |   148 |       |    31 |       |       |       ||   263
         Leather armour    |     2 |       |       |       |       |       |       |       ||     2
         Steam dragon scal |       |       |    88 |   304 |       |       |       |       ||   392
         Troll leather arm |       |       |       |   145 |   221 |       |       |       ||   366
         Robe              |       |       |       |       |    74 |   434 |   336 |   386 ||  1230
  Dodge: Dodged            |    54 |    67 |   230 |   547 |   316 |   489 |   313 |   365 ||  2381
  Block: Buckler           |       |       |       |   171 |   146 |   292 |   379 |   342 ||  1330
         Reflection        |       |       |       |       |       |       |    24 |     2 ||    26

Table legend: (Time is in decaauts)
 A = Elapsed time spent in this place.
 B = Non-inter-level travel time spent in this place.
 C = Inter-level travel time spent in this place.
 D = Time resting spent in this place.
 E = Time spent auto-exploring this place.
 F = Levels seen in this place.
 G = Mean time per level.
                   A        B        C        D        E       F      G
               +--------+--------+--------+--------+--------+-----+--------+
         Total |  53680 |  49724 |   3956 |  13930 |  17990 |  50 | 1073.6 |
       Dungeon |  19809 |  18298 |   1511 |   6441 |   7984 |  15 | 1320.6 |
        Temple |      1 |      1 |      0 |      0 |      0 |   1 |    1.0 |
          Lair |   9161 |   8279 |    882 |   2609 |   3540 |   5 | 1832.2 |
        Shoals |   4081 |   3968 |    113 |    561 |   1515 |   4 | 1020.2 |
   Spider Nest |   3793 |   3611 |    182 |   1021 |    551 |   4 |  948.2 |
    Slime Pits |    354 |    176 |    178 |      0 |      0 |   5 |   70.8 |
  Orcish Mines |   2938 |   2647 |    291 |   1083 |    734 |   2 | 1469.0 |
        Vaults |   4837 |   4529 |    308 |    135 |   1215 |   4 | 1209.2 |
        Depths |   4772 |   4350 |    422 |    426 |   1772 |   4 | 1193.0 |
           Zot |   1587 |   1520 |     67 |    489 |    428 |   3 |  529.0 |
        Bailey |    510 |    510 |      0 |    138 |    132 |   1 |  510.0 |
      Ice Cave |   1387 |   1387 |      0 |    964 |      0 |   1 | 1387.0 |
      Gauntlet |    445 |    445 |      0 |     63 |    118 |   1 |  445.0 |
               +--------+--------+--------+--------+--------+-----+--------+

Top non-repeatable levels by time:
  Lair:5: 3595 daAuts
     D:6: 2574 daAuts
   Orc:2: 1815 daAuts
    D:12: 1794 daAuts
Depths:2: 1767 daAuts
    D:11: 1683 daAuts
  Lair:1: 1543 daAuts
  Lair:4: 1491 daAuts
    D:13: 1483 daAuts
     D:3: 1424 daAuts
    D:10: 1401 daAuts
   IceCv: 1387 daAuts
   Zot:1: 1378 daAuts
Vaults:3: 1303 daAuts
  Lair:2: 1293 daAuts
